 Dungeon Crawl Stone Soup version 0.24-a0-585-g5c5dc1b5cb (webtiles) character file.

Game seed: 7037374651623629649, levelgen mode: deterministic

37 MenacingMecha the Cudgeler (level 3, -5/23 HPs)
             Began as a Gargoyle Monk on Sept 7, 2019.
             Slain by an ogre
             ... wielding a +0 giant club
              (14 damage)
             ... on level 1 of the Dungeon.
             The game lasted 00:02:31 (1590 turns).

MenacingMecha the Cudgeler (Gargoyle Monk)          Turns: 1590, Time: 00:02:32

Health: -5/23      AC:  6    Str: 14    XL:     3   Next: 41%
Magic:  3/3        EV: 12    Int: 10    God:
Gold:   46         SH:  0    Dex: 13    Spells: 2/2 levels left

rFire    . . .     SeeInvis .   a - +0 mace
rCold    . . .     Gourm    .   (no shield)
rNeg     + . .     Faith    .   i - +0 leather armour
rPois    ∞         Spirit   .   (no helmet)
rElec    +         Reflect  .   (no cloak)
rCorr    .         Harm     .   (no gloves)
MR       .....                  (no boots)
Stlth    ++........             (no amulet)
HPRegen  0.07/turn              (no ring)
MPRegen  0.08/turn              (no ring)

@: about to teleport
A: negative energy resistance 1, electricity resistance, unbreathing,
petrification resistance, rot immunity, AC +3
a: no special abilities


You were on level 1 of the Dungeon.
You were not hungry.

You visited 1 branch of the dungeon, and saw 2 of its levels.

You collected 46 gold pieces.

Inventory:

Hand Weapons
 a - a +0 mace (weapon)
Missiles
 f - 4 boomerangs (quivered)
Armour
 i - a +0 leather armour (worn)
   (You found it on level 2 of the Dungeon)
Potions
 d - a potion of curing {unknown}
 e - a potion of flight {unknown}
Comestibles
 c - 2 rations
 k - 3 chunks of flesh


   Skills:
 - Level 3.2 Fighting
 + Level 4.4 Maces & Flails
 - Level 2.4 Dodging
 - Level 2.1 Stealth


You had 2 spell levels left.
You didn't know any spells.
Your spell library was empty.

Dungeon Overview and Level Annotations

Branches:
Dungeon (2/15)

Altars:
Hepliaklqana
Nemelex Xobeh
Xom
The Shining One


Innate Abilities, Weirdness & Mutations

You are resistant to torment.
Your stone body is resilient. (AC +3)
You are immune to poison.
You resist negative energy. (rN+)
You are resistant to electric shocks. (rElec)
You can survive without breathing.
You are immune to petrification.
You are immune to rotting.


Message History

i - a leather armour Wear which item? (? for menu, Esc to quit)
You don't have any such object.
Wear which item? (? for menu, Esc to quit)
You don't have any such object.
Wear which item? (? for menu, Esc to quit)
You start removing your armour.
You continue taking off your +0 robe. x4
You finish taking off your +0 robe.
You start putting on your armour.
You continue putting on your leather armour. x5
You finish putting on your +0 leather armour.
Drop what? 9/52 slots (_ for help) (? for menu, Esc to quit)
You drop a +0 robe.
There is a stone staircase leading up here.
b - a scroll labeled TEMPAUGAJI You now have 46 gold pieces (gained 8).
j - a scroll labeled MUINLUATHO An adder comes into view.
An adder is nearby!
The adder barely misses you.
You sock the adder!
The adder is heavily wounded.
The adder barely misses you.
You closely miss the adder.
The adder is heavily wounded.
The adder bites you. The adder barely misses you.
You hit the adder.
The adder is almost dead.
The adder bites you. The adder closely misses you.
You closely miss the adder.
The adder is almost dead.
The adder barely misses you.
You hit the adder.
The adder is almost dead.
The adder misses you. The adder barely misses you.
You hit the adder but do no damage.
The adder is almost dead.
The adder misses you.
You miss the adder.
The adder is almost dead.
The adder misses you. The adder bites you but does no damage.
You thump the adder!
You kill the adder!
No target in view!
You see here an adder corpse.
You butcher the adder corpse.
k - a chunk of flesh You see here an adder skeleton.
You start resting.
Eating a chunk of flesh.
You eat the chunk of flesh.
This raw flesh tastes terrible.
HP restored.
You see here an adder skeleton.
A worm comes into view.
You sock the worm!
The worm is moderately wounded.
The worm bites you but does no damage.
You hit the worm.
The worm is heavily wounded.
The worm bites you but does no damage.
You barely miss the worm.
The worm is heavily wounded.
You hit the worm.
The worm is severely wounded.
The worm bites you.
You hit the worm.
The worm is almost dead.
The worm bites you!
You sock the worm!
You kill the worm!
You see here a worm corpse.
You butcher the worm corpse.
k - 3 chunks of flesh You start resting.
An ogre comes into view. It is wielding a +0 giant club.
An ogre is nearby!
The ogre shouts!
You see here a +0 robe.
There is a stone staircase leading up here.
The ogre closely misses you.
You climb upwards.
There is a stone staircase leading down here.
As you read the scroll labeled MUINLUATHO, it crumbles to dust.
It is a scroll of amnesia.
You feel forgetful for a moment.
As you read the scroll labeled ORRYD OJOYNA, it crumbles to dust.
You hear a loud clanging noise!
It was a scroll of noise.
The ogre misses you.
As you read the scroll labeled TEMPAUGAJI, it crumbles to dust.
You feel blessed for a moment.
It was a scroll of remove curse.
The ogre closely misses you.
As you read the scroll labeled UDGHES CEOSCHO, it crumbles to dust.
You feel strangely unstable.
It was a scroll of teleportation.
The ogre completely misses you.
You barely miss the ogre. The ogre hits you with a +0 giant club!
Ouch! That really hurt!
You hit the ogre.
The ogre is lightly wounded.
The ogre hits you with a +0 giant club!
Ouch! That really hurt!
You die...

....♣≈.## #..# #.#
<...≈...# #..# #.#
....♣≈..# #.## #.#
≈≈≈♣⌠♣≈.# #.# #.#
###≈♣≈#.# ##.# #.#
##≈##.#########..# #.#
####............# #.#
#.########.O.# #.#
#######.# ###.@.# #.#
......(.######.....# #.#
....#.............## #.#
###...#.#.#.#.#...# #.#
#...............# #.#
#..#.#.#.#.#.#.)# #.#
#...............######†#
#......................#
####.#####.##.##########


You could see an ogre.

Vanquished Creatures
  An adder (D:2)
  A worm (D:2)
  2 leopard geckos (D:1)
  A giant cockroach (D:1)
  A goblin (D:1)
  4 hobgoblins (D:1)
  5 kobolds (D:1)
  5 bats (D:1)
  A frilled lizard (D:1)
  A rat (D:1)
22 creatures vanquished.

Vanquished Creatures (others)
  4 toadstools (D:1)
4 creatures vanquished.

Grand Total: 26 creatures vanquished

Notes
Turn   | Place    | Note
-------+----------+-------------------------------------------
     0 | D:1      | MenacingMecha the Gargoyle Monk began the quest for the
                  | Orb.
     0 | D:1      | Reached XP level 1. HP: 14/14 MP: 1/1
   237 | D:1      | Reached XP level 2. HP: 10/19 MP: 2/2
   455 | D:1      | Found a stormy altar of Qazlal.
   457 | D:1      | Found a sparkling altar of Nemelex Xobeh.
   457 | D:1      | Found a glowing golden altar of the Shining One.
   459 | D:1      | Found a hazy altar of Hepliaklqana.
   459 | D:1      | Found a shimmering altar of Xom.
   459 | D:1      | Found a shimmering altar of Xom.
   752 | D:1      | Reached skill level 4 in Maces & Flails
   963 | D:1      | Reached XP level 3. HP: 23/23 MP: 3/3
  1556 | D:2      | Noticed an ogre
  1590 | D:1      | Slain by an ogre

Levels and vault maps discovered:
D:1:      ldierk_water_garden, layout_loops_ring, minmay_misc_feat_pillars,
          doesnt_xom_only_xom
D:2:      layout_loops_cross, okawaru_altar_gauntlet_db

Skill      XL: |  1  2 |
---------------+-------+-----
Maces & Flails | 4 |  4.4
Fighting       | |  3.2
Dodging        | |  2.4
Stealth        | |  2.1

Action                   || total
-------------------------++-------
Melee: Mace              ||    89
  Use: Scroll            ||     4
 Stab: Sleeping          ||     1
  Eat: Chunk             ||     2
Armor: Robe              ||    42
       Leather armour    ||     3
Dodge: Dodged            ||    85

Table legend:
 A = Non-vault XP
 B = Vault XP
 C = Vault XP percentage of total XP
 D = Non-vault monster count
 E = Vault monster count
 F = Vault count percentage of total count
                 A         B        C        D         E       F
            +---------+---------+-------+---------+---------+-------
      Total |      54 |       0 |   0.0 |      22 |       0 |   0.0
            +---------+---------+-------+---------+---------+-------
        D:1 |      35 |       0 |   0.0 |      20 |       0 |   0.0
        D:2 |      19 |       0 |   0.0 |       2 |       0 |   0.0
            +---------+---------+-------+---------+---------+-------

Levels and vault maps discovered:
D:1:      ldierk_water_garden, layout_loops_ring, minmay_misc_feat_pillars,
          doesnt_xom_only_xom
D:2:      layout_loops_cross, okawaru_altar_gauntlet_db

Table legend:
 A = Turns spent in this place as a percentage of turns spent in the entire game.
 B = Non-inter-level travel turns spent in this place as a percentage of non-inter-level travel turns spent in the entire game.
 C = Inter-level travel turns spent in this place as a percentage of turns spent in this place.
 D = Turns resting spent in this place as a percentage of non-inter-level travel turns spent in this place.
 E = Turns spent auto-exploring this place as a percentage of non-inter-level travel turns spent in this place.
 F = Non-inter-level travel turns spent in this place divided by the number of levels of this place that you've seen.
                   A       B       C       D       E      F
               +-------+-------+-------+-------+-------+----------------------
         Total | 100.0 | 100.0 |   0.9 |  44.7 |  37.1 | 788.0
       Dungeon | 100.0 | 100.0 |   0.9 |  44.7 |  37.1 | 788.0
               +-------+-------+-------+-------+-------+----------------------

Table legend:
 A = Kills in this place as a percentage of kills in entire the game.
 B = Kills by you in this place as a percentage of kills by you in the entire game.
 C = Kills by friends in this place as a percentage of kills by friends in the entire game.
 D = Other kills in this place as a percentage of other kills in the entire game.
 E = Experience gained in this place as a percentage of experience gained in the entire game.
 F = Experience gained in this place divided by the number of levels of this place that you have seen.
                   A       B       C       D       E      F
               +-------+-------+-------+-------+-------+----------------------
         Total | 100.0 | 100.0 |   N/A |   N/A | 100.0 |  27.0
       Dungeon | 100.0 | 100.0 |   N/A |   N/A | 100.0 |  27.0
               +-------+-------+-------+-------+-------+----------------------
